 Dungeon Crawl Stone Soup version 0.17-a0-1515-gfae3d72 (webtiles) character file.

68 namelastname112 the Firebug (level 4, -2/33 HPs)
             Began as a Draconian Fire Elementalist on July 12, 2015.
             Killed from afar by an orc wizard (7 damage)
             ... with a puff of flame
             ... on level 3 of the Dungeon.
             The game lasted 00:03:16 (1996 turns).

namelastname112 the Firebug (DrFE)                  Turns: 1996, Time: 00:03:16

Health: -2/33      AC:  5    Str: 11    XL:     4   Next: 1%
Magic:  0/8        EV: 12    Int: 16    God:
Gold:   97         SH:  0    Dex: 11    Spells: 2 memorised, 4 levels left

rFire  . . .     SeeInvis .     h - +0 dagger
rCold  . . .     Clarity  .     (armour unavailable)
rNeg   . . .     SustAt   .     (no shield)
rPois  .         Gourm    .     (helmet restricted)
rElec  .         Spirit   .     (no cloak)
rCorr  .         Warding  .     (no gloves)
rMut   .         Stasis   .     (no boots)
MR     .....                    (no amulet)
Stlth  ++........               (no ring)
                                (no ring)

@: very slightly contaminated, hasted, very quick, not resistant to hostile
enchantments, unstealthy
A: unfitting armour, cold-blooded, AC +5
a: no special abilities


You were on level 3 of the Dungeon.
You were very hungry.

You visited 1 branch of the dungeon, and saw 3 of its levels.

You collected 97 gold pieces.

Inventory:

Hand weapons
 h - a +0 dagger (weapon)
Jewellery
 k - a +3 ring of strength {unknown}
Scrolls
 e - a scroll of teleportation {unknown}
 f - a scroll of remove curse {unknown}
 i - a scroll of enchant armour {unknown}
 j - a scroll of fear {unknown}
 l - 2 scrolls of identify {unknown}
Potions
 c - a potion of haste
 g - 2 potions of curing {unknown}
Books
 a - a book of Flames

   Spells                             Type                      Level
   a - Flame Tongue                   Conjuration/Fire             1
   b - Throw Flame                    Conjuration/Fire             2
   c - Conjure Flame                  Conjuration/Fire             3
   d - Inner Flame                    Hexes/Fire                   3
   e - Sticky Flame                   Conjuration/Fire             4
   f - Fireball                       Conjuration/Fire             5
Comestibles
 b - a bread ration
 d - 2 fruits


   Skills:
 - Level 1.7 Dodging
 - Level 1.7 Stealth
 + Level 2.7 Spellcasting
 + Level 2.4 Conjurations
 + Level 3.7 Fire Magic


You had 4 spell levels left.
You knew the following spells:

 Your Spells              Type           Power        Failure   Level  Hunger
a - Conjure Flame         Conj/Fire      ##......     17%         3    ###....
z - Flame Tongue          Conj/Fire      ##...        8%          1    #......


Dungeon Overview and Level Annotations

Branches:
Dungeon (3/15)

Altars:
Elyvilon
Okawaru


Innate Abilities, Weirdness & Mutations

Your plain brown scales are hard (AC +5).
Your body does not fit into most forms of armour.
You are cold-blooded and may be slowed by cold attacks.


Message History

Confirm with . or Enter, or press ? or * to list all spells.
Aiming: Flame Tongue
Press: ? - help, Shift-Dir - straight line, f - orc
Aim: an orc, wielding a hand axe and wearing a leather armour You miscast Flame Tongue.
You are very lightly contaminated with residual magic.
Nothing appears to happen.
Something hits you.
* * * LOW HITPOINT WARNING * * *
Unknown command.
Drink which item? (? for menu, Esc to quit)
It was a potion of haste.
You feel yourself speed up.
Something hits you but does no damage. x2
A magic dart appears from out of thin air!
The magic dart hits you!
* * * LOW HITPOINT WARNING * * *
A puff of frost appears from out of thin air!
The puff of frost misses you.
A puff of flame appears from out of thin air!
The puff of flame hits you!
You die...

# ..... ## ......
... .# ...... ...
## ...... #.# #
#.......######.#
#...........##.#
#.......>....#.#
#.#
#†......###########
#.#
#)##..@....o......#
#.#
#.###.#.#######.#.#
#.# ###.# #.#.#
#.#.# ####.#
#...###.#.# #.#o#
.....# #.##......#
#.#.# ####.#
#.).....### #.#.# #
#.####..###..#
..#.# # #.......#
#..# ###.# #
######..# #.## #
#.#


You could see an orc.

Vanquished Creatures
  4 adders (D:2)
  3 orcs (D:3)
  2 ball pythons (D:1)
  4 bats
  2 hobgoblins
  2 giant cockroaches (D:2)
  4 giant newts
  7 goblins
  3 jackals (D:1)
  2 kobolds (D:1)
  3 rats
36 creatures vanquished.

Vanquished Creatures (others)
  A hobgoblin (D:2)
1 creature vanquished.

Grand Total: 37 creatures vanquished

Notes
Turn   | Place    | Note
--------------------------------------------------------------
     0 | D:1      | namelastname112 the Draconian Fire Elementalist began the quest for the Orb.
     0 | D:1      | Reached XP level 1. HP: 14/14 MP: 3/3
   423 | D:1      | Reached XP level 2. HP: 17/20 MP: 0/5
   818 | D:1      | You fall through a shaft!
   820 | D:2      | Found a white marble altar of Elyvilon.
  1373 | D:2      | Reached XP level 3. HP: 26/26 MP: 3/6
  1869 | D:2      | Learned a level 3 spell: Conjure Flame
  1956 | D:3      | Found an iron altar of Okawaru.
  1965 | D:3      | Reached XP level 4. HP: 33/33 MP: 1/8
  1996 | D:3      | Killed from afar by an orc wizard

Vault maps used:
D:1:      lightli_arrival_flooded_house, supply_closet_lemuel
D:2:      elyvilon_altar_4
D:3:      nicolae_dithmenos_shadow_blocks, okawaru_trees_1, first_bread,
          uniq_grinder

Action                   |  1- 3 |  4- 6 || total
-------------------------+-------+-------++-------
Melee: Unarmed           |    14 |       ||    14
       Dagger            |    13 |     2 ||    15
 Cast: Flame Tongue      |    55 |     4 ||    59
  Use: Potion            |       |     1 ||     1
  Eat: Chunk             |     2 |       ||     2
       Fruit             |     1 |       ||     1
